 Dungeon Crawl Stone Soup version 0.25-a0-865-gd392131cc7 (webtiles) character file.

Game seed: 9215233171838170969, levelgen mode: deterministic

95 Anathary the Skirmisher (level 4, -1/35 HPs)
             Began as a Demonspawn Fighter on Apr 30, 2020.
             Was an Initiate of Nemelex Xobeh.
             Slain by an insubstantial wisp (9 damage)
             ... summoned by the player character
             ... on level 2 of the Dungeon.
             The game lasted 00:05:15 (1840 turns).

Anathary the Skirmisher (Demonspawn Fighter)        Turns: 1840, Time: 00:05:15

Health: -1/35      AC:  8    Str: 17    XL:     4   Next: 39%
Magic:  4/4        EV:  7    Int:  9    God:    Nemelex Xobeh [......]
Gold:   100        SH:  9    Dex: 13    Spells: 3/3 levels left

rFire    . . .     SeeInvis .   a - +0 long sword
rCold    . . .     Gourm    .   c - +0 kite shield
rNeg     . . .     Faith    .   b - +0 scale mail
rPois    .         Spirit   .   (helmet restricted)
rElec    .         Reflect  .   (no cloak)
rCorr    .         Harm     .   (no gloves)
MR       .....                  (no boots)
Stlth    ..........             (no amulet)
HPRegen  0.11/turn              (no ring)
MPRegen  0.09/turn              (no ring)

@: no status effects
A: antennae 1, yellow scales 1
a: Draw Escape, Draw Destruction, Draw Summoning, Renounce Religion


You were on level 2 of the Dungeon.
You worshipped Nemelex Xobeh.
Nemelex Xobeh was noncommittal.
You were not hungry.

You visited 1 branch of the dungeon, and saw 2 of its levels.

You collected 100 gold pieces.

Inventory:

Hand Weapons
 a - a +0 long sword (weapon)
Armour
 b - a +0 scale mail (worn)
 c - a +0 kite shield (worn)
Scrolls
 g - a scroll of fear {unknown}
 j - a scroll of teleportation
 k - a scroll of identify
 l - a scroll of remove curse
Potions
 d - a potion of might
 e - 3 potions of stabbing {unknown}
 h - a potion of berserk rage {unknown}
 i - a potion of curing {unknown}
Comestibles
 f - 3 rations


   Skills:
 + Level 3.4 Fighting
 + Level 2.8 Long Blades
 + Level 3.1 Armour
 + Level 0.2 Dodging
 + Level 0.1 Stealth
 + Level 3.3 Shields


You had 3 spell levels left.
You didn't know any spells.
Your spell library was empty.

Dungeon Overview and Level Annotations

Branches:
Dungeon (2/15)

Altars:
Nemelex Xobeh
Qazlal
Ru
Sif Muna


Innate Abilities, Weirdness & Mutations

You have a pair of small antennae on your head.
You are partially covered in yellow scales. (AC +2)


Message History

You are struck by an arc of lightning.
Your shield and scale mail prevent you from hitting the insubstantial wisp.
The insubstantial wisp blinks!
Your insubstantial wisp blinks!
Your insubstantial wisp misses the insubstantial wisp.
Your insubstantial wisp misses the insubstantial wisp.
The insubstantial wisp hits you.
You miss the insubstantial wisp.
Your insubstantial wisp completely misses the insubstantial wisp.
The insubstantial wisp hits you but does no damage.
Your shield and scale mail prevent you from hitting the insubstantial wisp.
Your insubstantial wisp barely misses the insubstantial wisp.
The insubstantial wisp hits you!
The insubstantial wisp blinks!
Your insubstantial wisp barely misses the insubstantial wisp.
You miss the insubstantial wisp. The insubstantial wisp hits you.
* * * LOW HITPOINT WARNING * * *
Your insubstantial wisp hits the insubstantial wisp.
The insubstantial wisp hits you!
You die...
Your body disappears without a glow.

..# .........(#### #.#
#######.#....#### #####
#.# #.#.##....# #.... #.#
#.#.##.'#######'. ..#
#.#<##.#...#...#. ..#
##########.####)#...#...#.
..#
.........v......#.......#.
..#
........†v..#######._.####
.># .........@..#
###.......## ###
............# #.#...#...#.
# ............#
#.#...#...#. ............#
#.'#######'.
............###....# #....
##############..#### #####
#.## ###########.##
#............#


You could see an insubstantial wisp and a friendly insubstantial wisp.

Vanquished Creatures
  An orc wizard (D:2)
  2 adders (D:2)
  A dart slug (D:2)
  A leopard gecko (D:1)
  3 bats
  8 goblins
  6 hobgoblins
  A ball python (D:1)
  4 frilled lizards
  10 kobolds
  4 rats
41 creatures vanquished.

Notes
Turn   | Place    | Note
-------+----------+-------------------------------------------
     0 | D:1      | Anathary the Demonspawn Fighter began the quest for the
                  | Orb.
     0 | D:1      | Reached XP level 1. HP: 18/18 MP: 1/1
    95 | D:1      | Gained mutation: You have a pair of small antennae on your
                  | head. [demonic ancestry]
    95 | D:1      | Reached XP level 2. HP: 15/24 MP: 2/2
   763 | D:2      | Gained mutation: You are partially covered in yellow
                  | scales. (AC +2) [demonic ancestry]
   763 | D:2      | Reached XP level 3. HP: 29/29 MP: 3/3
  1040 | D:2      | Found a sacrificial altar of Ru.
  1071 | D:2      | Reached XP level 4. HP: 9/35 MP: 4/4
  1537 | D:2      | Found a shimmering blue altar of Sif Muna.
  1541 | D:2      | Found a stormy altar of Qazlal.
  1546 | D:2      | Found a sparkling altar of Nemelex Xobeh.
  1554 | D:2      | Became a worshipper of Nemelex Xobeh the Trickster
  1765 | D:2      | Received a gift from Nemelex Xobeh
  1827 | D:2      | Noticed an insubstantial wisp
  1840 | D:2      | Slain by an insubstantial wisp

Levels and vault maps discovered:
D:1:      lemuel_arrival_hallway, layout_rooms
D:2:      layout_basic, grunt_temple_overflow_open,
          nicolae_ru_great_annihilating_truth

Skill      XL: |  1  2 |
---------------+-------+-----
Long Blades    | 2 |  2.8
Shields        | 3 |  3.3
Armour         | 3 |  3.1
Fighting       | |  3.4
Dodging        | |  0.2
Stealth        | |  0.1

Action                   |  1- 3 |  4- 6 || total
-------------------------+-------+-------++-------
Melee: Long sword        |   116 |    36 ||   152
Invok: Draw Summoning    |       |     1 ||     1
  Use: Scroll            |     3 |     2 ||     5
  Eat: Ration            |     1 |       ||     1
Armor: Scale mail        |    53 |    19 ||    72
Dodge: Dodged            |    27 |     4 ||    31
Block: Kite shield       |    65 |    13 ||    78
       Rpst.: Long sword |    11 |       ||    11

Table legend:
 A = Non-vault XP
 B = Vault XP
 C = Vault XP percentage of total XP
 D = Non-vault monster count
 E = Vault monster count
 F = Vault count percentage of total count
                 A         B        C        D         E       F
            +---------+---------+-------+---------+---------+-------
      Total |      76 |      60 |  44.1 |      37 |       4 |   9.8
            +---------+---------+-------+---------+---------+-------
        D:1 |      38 |       0 |   0.0 |      22 |       0 |   0.0
        D:2 |      38 |      60 |  61.2 |      15 |       4 |  21.1
            +---------+---------+-------+---------+---------+-------
